AoeStats
← Burgundy

Black Forest

508116845Analyzed
4v4 RM · 10d ago on Sep 21, 2026· 51m 8s· 8 players
Game mode
Random Map
Map size
Large (8 player)
Population
200
Speed
Normal
Resources
Standard
Victory
Conquest
Starting age
Dark Age
Ending age
Imperial Age
RankedLock teamsTeams togetherTeam positionsShared explorationLock speedFull tech treeHidden civsTurbo modeCheats
Victory
Defeat
🇪🇨 Byzantines · Ecuador
815
+28
🇺🇸 Portuguese · United States
791
+25
🇦🇷 Bohemians · Argentina
745
+16
🇪🇨 Slavs · Ecuador
741
+16
🇨🇱 Italians · Chile
820
-18
🇨🇱 Poles · Chile
806
-17
🇨🇱 Franks · Chile
703
-13
🇨🇱 Huns · Chile
661
-11
javierna4
0:35 Loom
13:13 Feudal Age
14:20 Double-Bit Axe
14:20 Horse Collar
16:52 Town Watch
17:54 Stone Mining
18:00 Gold Mining
26:53 Castle Age
30:42 Wheelbarrow
31:11 Gold Shaft Mining
30:53 Bow Saw
30:47 Heavy Plow
32:34 Scale Mail Armor
32:45 Forging
37:02 Imperial Age
35:33 Hand Cart
35:44 Fortified Wall
37:14 Man-at-Arms
37:15 Pikeman
37:55 Squires
38:21 Chain Mail Armor
38:42 Iron Casting
39:01 Onager
40:43 Plate Mail Armor
41:13 Blast Furnace
40:17 Detinets
40:39 Conscription
41:56 Crop Rotation
42:29 Two-Man Saw
42:15 Long Swordsman
42:15 Halberdier
43:00 Caravan
43:31 Coinage
43:42 Two-Handed Swordsman
45:46 Champion
Balasar
10:29 Feudal Age
11:01 Double-Bit Axe
15:25 Wheelbarrow
20:24 Castle Age
19:36 Fishing Lines
20:23 Horse Collar
24:25 Hand Cart
24:33 Bow Saw
24:53 Squires
24:55 Padded Archer Armor
25:48 Leather Archer Armor
30:01 Chemistry
30:03 Caravan
33:32 Imperial Age
33:29 Town Watch
33:58 Forging
33:50 Scale Mail Armor
35:05 Heavy Plow
35:00 Gillnets
34:44 Pikeman
35:10 Arson
37:00 Conscription
38:04 Ring Archer Armor
38:11 Iron Casting
39:14 Wagenburg Tactics
42:13 Elite Hussite Wagon
43:29 Halberdier
44:49 Houfnice
46:42 Town Patrol
48:07 Blast Furnace
47:23 Chain Mail Armor
ernestopaez2013
13:55 Feudal Age
15:27 Horse Collar
15:39 Double-Bit Axe
23:56 Castle Age
22:51 Gold Mining
22:52 Stone Mining
23:44 Fletching
24:05 Forging
23:56 Padded Archer Armor
23:57 Scale Mail Armor
24:03 Scale Barding Armor
24:58 Bodkin Arrow
25:40 Iron Casting
26:26 Stone Shaft Mining
25:56 Heavy Plow
27:35 Chain Mail Armor
29:42 Leather Archer Armor
29:48 Chain Barding Armor
31:21 Gold Shaft Mining
36:51 Imperial Age
35:04 Wheelbarrow
34:14 Loom
35:56 Fortified Wall
36:18 Bow Saw
37:25 Pikeman
38:59 Hand Cart
38:12 Halberdier
45:25 Plate Mail Armor
44:56 Bracer
followingpristine
10:41 Feudal Age
21:38 Castle Age
28:40 Wheelbarrow
29:30 Husbandry
32:23 Hand Cart
40:18 Imperial Age
43:26 Cavalier
46:17 Bloodlines
49:32 Man-at-Arms
49:33 Pikeman
49:58 Gambesons
50:25 Scale Barding Armor
50:31 Forging
50:21 Scale Mail Armor
50:21 Padded Archer Armor
50:12 Fletching
snoow.wolf.96
0:38 Loom
13:29 Feudal Age
14:47 Double-Bit Axe
14:45 Horse Collar
17:42 Wheelbarrow
24:37 Castle Age
22:37 Fletching
22:48 Padded Archer Armor
23:07 Gold Mining
23:10 Stone Mining
28:12 Heavy Plow
29:34 Stone Shaft Mining
31:49 Hand Cart
32:01 Bodkin Arrow
32:21 Leather Archer Armor
33:36 Caravan
34:14 Ballistics
33:53 Murder Holes
36:48 Imperial Age
35:37 Silk Road
35:36 Bow Saw
38:36 Chemistry
37:43 Bracer
38:33 Ring Archer Armor
39:46 Elite Genoese Crossbowman
40:58 Conscription
44:43 Fortified Wall
44:16 Treadmill Crane
Maritza
9:14 Loom
11:26 Feudal Age
13:55 Wheelbarrow
13:11 Double-Bit Axe
13:08 Horse Collar
19:21 Town Watch
23:21 Castle Age
22:26 Gold Mining
22:29 Stone Mining
24:39 Hand Cart
25:22 Town Patrol
25:45 Forging
25:35 Scale Mail Armor
25:41 Scale Barding Armor
27:53 Caravan
28:24 Coinage
28:04 Arson
28:20 Squires
27:41 Pikeman
33:38 Bow Saw
34:05 Gold Shaft Mining
33:37 Heavy Plow
34:42 Ballistics
38:10 Imperial Age
36:02 Forging
37:22 Murder Holes
39:54 Parthian Tactics
46:31 Heavy Cavalry Archer
49:46 Iron Casting
49:16 Scale Mail Armor
49:22 Scale Barding Armor
49:08 Fletching
49:18 Padded Archer Armor
pusciFer
13:39 Feudal Age
16:22 Horse Collar
17:41 Wheelbarrow
18:03 Double-Bit Axe
22:49 Bloodlines
22:23 Man-at-Arms
27:10 Castle Age
26:38 Arson
27:21 Scale Barding Armor
27:34 Scale Mail Armor
29:28 Stone Mining
30:03 Hand Cart
29:21 Pikeman
32:23 Heavy Plow
32:30 Heavy Plow
34:56 Town Watch
35:25 Loom
40:38 Imperial Age
40:31 Szlachta Privileges
44:52 Cavalier
Burgundy
5:17 Loom
9:58 Feudal Age
11:13 Double-Bit Axe
13:24 Wheelbarrow
18:27 Castle Age
20:40 Bow Saw
23:22 Gold Mining
23:24 Stone Mining
27:07 Hand Cart
29:01 Forging
28:52 Scale Mail Armor
28:57 Scale Barding Armor
28:53 Padded Archer Armor
28:43 Fletching
33:41 Imperial Age
33:02 Husbandry
33:50 Gold Shaft Mining
34:22 Cavalier
36:16 Iron Casting
35:58 Chain Mail Armor
36:03 Chain Barding Armor
35:59 Leather Archer Armor
37:32 Paladin
40:59 Blast Furnace
41:23 Plate Mail Armor
41:29 Plate Barding Armor
41:16 Caravan
46:50 Bodkin Arrow
Connection lost

Rejoining the realm…

Still unreachable

The connection could not be restored.

Session expired

The server has moved on; the page needs a fresh start.